 Dungeon Crawl Stone Soup version 0.22.0-5-gf09313c8f9 (webtiles) character file.

210 LLavrengius the Changer (level 5, -6/35 HPs)
             Began as an Octopode Transmuter on Aug 14, 2018.
             Mangled by Pikel
             ... wielding a +1 whip of electrocution
              (9 damage)
             ... on level 4 of the Dungeon.
             The game lasted 00:09:16 (3317 turns).

LLavrengius the Changer (Octopode Transmuter)       Turns: 3317, Time: 00:09:17

Health: -6/35      AC:  2    Str:  9    XL:     5   Next: 88%
Magic:  2/8        EV: 19    Int: 17    God:
Gold:   143        SH:  0    Dex: 17    Spells: 2/8 levels left

rFire    . . .     SeeInvis .     - Unarmed
rCold    . . .     Gourm    .   (shield currently unavailable)
rNeg     . . .     Faith    .   (helmet currently unavailable)
rPois    x         Spirit   .   (no amulet)
rElec    .         Reflect  .   (no ring)
rCorr    .         Harm     .   (no ring)
MR       .....                  (no ring)
Stlth    ++........             (no ring)
HPRegen  0.11/turn              (no ring)
MPRegen  0.11/turn              (no ring)
                                (no ring)
                                (no ring)

@: spider-form
A: tiny, almost no armour, stealthy swim, (amphibious), 8 rings, (constrict 8)
a: End Transformation


You were on level 4 of the Dungeon.
You were near starving.
You were a venomous arachnid creature.
You visited 1 branch of the dungeon, and saw 4 of its levels.

You collected 143 gold pieces.

Inventory:

Hand Weapons
 n - a +2 dagger of venom
 o - a cursed -2 dagger
Missiles
 a - 41 arrows
 d - 153 stones (quivered)
 e - 29 poisoned needles
Armour
 m - a +1 hat (melded)
Jewellery
 f - an uncursed ring of wizardry {unknown}
 h - an uncursed ring of wizardry {unknown}
Scrolls
 b - 2 scrolls of remove curse {unknown}
 g - 7 scrolls of identify {unknown}
 i - 2 scrolls of magic mapping {unknown}
 j - 3 scrolls of enchant weapon {unknown}
 l - 3 scrolls of teleportation {unknown}
Potions
 k - a potion of heal wounds {unknown}
 p - a potion of flight {unknown}
 q - a potion of curing {unknown}
 r - a potion of agility {unknown}
Comestibles
 c - 4 rations


   Skills:
 + Level 2.7 Fighting
 - Level 2.0 Dodging
 - Level 3.1 Unarmed Combat
 - Level 2.0 Spellcasting
 - Level 4.3 Transmutations
 * Level 3.0 Poison Magic


You had 2 spell levels left.
You knew the following spells:

 Your Spells              Type           Power        Failure   Level  Hunger
a - Beastly Appendage     Tmut           ###...       11%         1    #......
b - Sticks to Snakes      Tmut           ###.....     14%         2    ###....
c - Spider Form           Tmut/Pois      ##........   30%         3    ###....

Your spell library contained the following spells:

 Spells                   Type           Power        Failure   Level  Hunger
 Blade Hands              Tmut           ###.......   83%         5    ######.
 Ice Form                 Ice/Tmut       #.......     80%         4    #####..


Dungeon Overview and Level Annotations

Branches:
Dungeon (4/15)
 Temple: D:4-7

Altars:
Trog
The Shining One

Annotations:
D:4 Pikel


Innate Abilities, Weirdness & Mutations

You cannot wear most types of armour.
You are very stealthy in the water. (Stealth+)
((You are amphibious.))
You can wear up to eight rings at the same time.
((You can use your tentacles to constrict eight enemies at once.))
((Your skin changes colour to match your surroundings (Stealth+).))
((Your rubbery body absorbs attacks. (AC +1, EV +1)))


Message History

Pikel closely misses you.
You barely miss Pikel.
Pikel is lightly wounded.
Pikel hits you with a whip of electrocution!
You closely miss Pikel.
Pikel is lightly wounded.
Pikel hits you but does no damage.
You are electrocuted!
* * * LOW HITPOINT WARNING * * *
Your magical contamination has completely faded away.
Pikel looks more healthy.
You closely miss Pikel.
Pikel is lightly wounded.
Pikel barely misses you.
You closely miss Pikel.
Pikel is lightly wounded.
Pikel misses you.
You closely miss Pikel.
Pikel is lightly wounded.
Pikel hits you with a whip of electrocution!
You die...

#...### #.# #...#
#.#
#####...########.#
.........[p......##
#####.............#
#..#########.## #..#
#.# ##..#########.#
#........pKs..#
#...####.####.#
.......# #.# #.#
#####.## #.# #.#
#######.#####.####.#
...................#
....###.##########.#
##### #.# #.# #.#
#.#


You could see Pikel and a slave.

Vanquished Creatures
  2 slaves (D:4)
  A phantom (D:4)
  6 adders
  A river rat (D:3)
  3 worms (D:3)
  2 dart slugs (D:1)
  2 leopard geckos
  An orc (D:3)
  5 bats
  3 giant cockroaches (D:3)
  3 goblins
  3 hobgoblins
  2 quokkas (D:3)
  A ball python (D:3)
  4 frilled lizards
  4 kobolds
  11 rats
54 creatures vanquished.

Notes
Turn   | Place    | Note
-------+----------+-------------------------------------------
     0 | D:1      | LLavrengius the Octopode Transmuter began the quest for the Orb.
     0 | D:1      | Reached XP level 1. HP: 13/13 MP: 3/3
   454 | D:1      | Reached XP level 2. HP: 18/18 MP: 5/5
   469 | D:1      | Learned a level 2 spell: Sticks to Snakes
  1132 | D:2      | Reached skill level 3 in Transmutations
  1132 | D:2      | Reached XP level 3. HP: 18/24 MP: 2/6
  1460 | D:2      | Found a faded altar of an unknown god.
  1477 | D:2      | Found a glowing golden altar of the Shining One.
  1910 | D:2      | Learned a level 3 spell: Spider Form
  2175 | D:3      | Reached XP level 4. HP: 27/29 MP: 7/7
  2426 | D:3      | Reached skill level 1 in Poison Magic
  2538 | D:3      | Found a bloodstained altar of Trog.
  2813 | D:3      | Reached XP level 5. HP: 29/35 MP: 8/8
  2957 | D:4      | Noticed an ogre
  3033 | D:4      | Noticed a slave
  3051 | D:4      | Noticed a phantom
  3077 | D:4      | Killed a phantom
  3077 | D:4      | Reached skill level 4 in Transmutations
  3166 | D:4      | Noticed a slave
  3200 | D:4      | Killed a slave
  3260 | D:4      | Noticed a slave
  3263 | D:4      | Noticed Pikel
  3265 | D:4      | Noticed an ogre
  3265 | D:4      | Noticed a slave
  3285 | D:4      | Killed a slave
  3317 | D:4      | Mangled by Pikel

Skill      XL: |  1  2  3  4  5 |
---------------+----------------+-----
Transmutations | 3 4 |  4.3
Fighting       | 2 |  2.7
Poison Magic   | 2 3 |  3.0
Dodging        | |  2.0
Unarmed Combat | |  3.1
Spellcasting   | |  2.0

Action                   |  1- 3 |  4- 6 || total
-------------------------+-------+-------++-------
Melee: Unarmed           |    73 |   113 ||   186
       Constrict         |    18 |    19 ||    37
       Tentacles         |     7 |    10 ||    17
       Punch             |     2 |       ||     2
       Kick              |     3 |     7 ||    10
 Cast: Beastly Appendage |     6 |     9 ||    15
       Sticks to Snakes  |     1 |       ||     1
       Spider Form       |       |     4 ||     4
 Stab: Sleeping          |     6 |     7 ||    13
  Eat: Chunk             |     4 |     3 ||     7
Armor: Skin              |    10 |    20 ||    30
Dodge: Dodged            |    37 |    90 ||   127
